 Dungeon Crawl Stone Soup version 0.30.1-1-g62c8e00024 (webtiles) character file.

Game seed: 2586768171681202883

147679 Ijustatesigmund the Thaumaturge (level 17, -5/103 HPs)
             Began as a Gargoyle Earth Elementalist on July 14, 2023.
             Was a High Priest of Vehumet.
             Slain by a spriggan berserker
             ... wielding a +1 antimagic war axe
              (32 damage)
             ... on level 4 of the Swamp.
             The game lasted 01:36:11 (41919 turns).

Ijustatesigmund the Thaumaturge (GrEE)             Turns: 41919, Time: 01:36:11

Health: -5/103     AC: 31    Str: 11    XL:     17   Next: 47%
Magic:  22/34      EV: 21    Int: 28    God:    Vehumet [*****.]
Gold:   1778       SH: 11    Dex: 12    Spells: 14/43 levels left

rFire   . . .        c - +11 morningstar "Eseppanig" {freeze, rPois Str+2}
rCold   . . .        q - +1 kite shield {AC+3}
rNeg    + . .        a - +1 troll leather armour
rPois   ∞            y - +1 helmet
rElec   +            G - +1 cloak
rCorr   .            F - +2 pair of gloves {Dex+3}
SInv    .            B - +1 pair of boots
Will    +....        (no amulet)
Stlth   ++           x - +5 ring of evasion
HPRegen 1.17/turn    E - +5 ring of evasion
MPRegen 0.24/turn

%: no passive effects
@: on berserk cooldown, flying, slowed, very slow
A: sickness immunity, AC +12, big wings, negative energy resistance 1,
electricity resistance, torment resistance 1, petrification resistance, clever
1, mutation resistance 1, weak 1
a: Renounce Religion


You were on level 4 of the Swamp.
You worshipped Vehumet.
Vehumet was extremely pleased with you.
You visited 5 branches of the dungeon, and saw 27 of its levels.

You collected 2864 gold pieces.
You spent 1086 gold pieces at shops.

Inventory:

Hand Weapons
 c - the +11 morningstar "Eseppanig" (weapon) {freeze, rPois Str+2}
   (You took it off an orc warrior on level 11 of the Dungeon)

   Str:       It affects your strength (+2).
   rPois:     It protects you from poison.
Missiles
 J - 5 throwing nets
Armour
 a - a +1 troll leather armour (worn)
 p - a +4 plate armour of cold resistance
 q - a +1 kite shield of protection (worn)
 y - a +1 helmet (worn)
 B - a +1 pair of boots (worn)
 F - a +2 pair of gloves of dexterity (worn)
 G - a +1 cloak (worn)
Magical Staves
 X - a staff of earth
Jewellery
 i - a ring of fire
 j - a ring of see invisible
 s - a ring of protection from cold
 x - a +5 ring of evasion (left hand)
 A - a ring of fire
 E - a +5 ring of evasion (right hand)
 S - a ring of wizardry
 Z - a +6 ring of intelligence
Wands
 f - a wand of mindburst (3)
 C - a wand of digging (4)
 R - a wand of polymorph (7)
 U - a wand of flame (20)
 V - a wand of acid (6)
 W - a wand of paralysis (8)
 Y - a wand of iceblast (5)
Scrolls
 h - 5 scrolls of immolation
 m - 2 scrolls of enchant weapon
 o - 6 scrolls of teleportation
 t - 2 scrolls of torment
 u - 6 scrolls of poison
 v - 5 scrolls of fog
 D - 2 scrolls of magic mapping
 I - 10 scrolls of identify
 N - 3 scrolls of fear
 O - a scroll of brand weapon
 T - a scroll of amnesia
Potions
 b - 5 potions of magic
 d - a potion of resistance
 e - 4 potions of might
 g - 3 potions of mutation
 k - 8 potions of flight
 l - 4 potions of haste
 n - 2 potions of cancellation
 w - 4 potions of attraction
 z - 8 potions of curing
 H - 2 potions of berserk rage
 K - 2 potions of ambrosia
 L - 3 potions of lignification
 M - 3 potions of brilliance
 Q - a potion of invisibility


   Skills:
 - Level 10.6 Fighting
 + Level 9.1 Maces & Flails
 - Level 3.4 Armour
 - Level 4.1 Dodging
 - Level 2.1 Stealth
 - Level 7.5 Shields
 + Level 13.9 Spellcasting
 + Level 13.3 Conjurations
 - Level 4.6 Transmutations
 + Level 9.5 Fire Magic
 + Level 7.7 Air Magic
 + Level 12.7 Earth Magic
 + Level 8.2 Poison Magic
 - Level 2.6 Evocations


You had 14 spell levels left.
You knew the following spells:

 Your Spells              Type           Power      Damage    Failure   Level
a - Magic Dart            Conj           100%       1d8       1%          1
b - Stone Arrow           Conj/Erth      100%       3d13      1%          3
c - Mephitic Cloud        Conj/Pois/Air  65%        N/A       1%          3
d - Iron Shot             Conj/Erth      37%        9d7       2%          6
e - Ignite Poison         Fire/Tmut/Pois 57%        N/A       1%          3
f - Olgreb's Toxic Radia  Pois           60%        N/A       1%          4
g - Swiftness             Air            58%        N/A       1%          3
h - Starburst             Conj/Fire      35%        6d10      4%          6

Your spell library contained the following spells:

 Spells                   Type           Power      Damage    Failure   Level
 Yara's Violent Unravell  Hex/Tmut       16%        3d8       30%         5
 Foxfire                  Conj/Fire      100%       2x1d9     1%          1
 Sandblast                Erth           100%       2d20      1%          1
 Shock                    Conj/Air       100%       1d9       1%          1
 Passwall                 Tmut/Erth      51%        N/A       1%          2
 Poisonous Vapours        Pois/Air       100%       N/A       1%          2
 Searing Ray              Conj           100%       2d8       1%          2
 Static Discharge         Conj/Air       100%       2-7/arc   1%          2
 Airstrike                Air            29%        2d(5-21)  1%          4
 Arcjolt                  Conj/Air       34%        1d44      1%          5
 Fireball                 Conj/Fire      35%        3d15      1%          5
 Fulminant Prism          Conj/Hex       27%        3d14      2%          4
 Petrify                  Tmut/Erth      62%        N/A       3%          4
 Freezing Cloud           Conj/Ice/Air   28%        6-21      4%          5
 Conjure Ball Lightning   Conj/Air       34%        3x3d11    6%          6
 Vhi's Electric Charge    Tloc/Air       82%        N/A       7%          3
 Animate Armour           Summ/Erth      100%       N/A       9%          4
 Leda's Liquefaction      Hex/Erth       26%        N/A       9%          4
 Plasma Beam              Fire/Air       30%        2x1d47    13%         6
 Lesser Beckoning         Tloc           38%        N/A       17%         2
 Summon Lightning Spire   Summ/Air       41%        N/A       22%         4
 Call Canine Familiar     Summ           19%        N/A       34%         3
 Gell's Gravitas          Tloc           19%        N/A       34%         3
 Portal Projectile        Hex/Tloc       38%        N/A       34%         3
 Teleport Other           Tloc           19%        N/A       34%         3
 Tukima's Dance           Hex            19%        N/A       34%         3
 Blade Hands              Tmut           22%        N/A       43%         5
 Silence                  Hex/Air        20%        N/A       54%         5
 Lehudib's Crystal Spear  Conj/Erth      37%        10d9      63%         8
 Anguish                  Hex/Necr       9%         N/A       75%         4
 Cause Fear               Hex            9%         N/A       75%         4
 Passage of Golubria      Tloc           19%        N/A       75%         4
 Dragon Form              Tmut           22%        N/A       100%        7
 Enfeeble                 Hex            9%         N/A       100%        7
 Discord                  Hex            9%         N/A       100%        8
 Disjunction              Tloc           9%         N/A       100%        8
 Dragon's Call            Summ           9%         N/A       100%        9


Dungeon Overview and Level Annotations

Branches:
Dungeon (15/15)            Temple (1/1) D:7            Lair (5/5) D:11
  Swamp (4/4) Lair:2        Snake (0/4) Lair:3        Slime (0/5) Lair:5
    Orc (2/2) D:12            Elf (0/3) Orc:2        Vaults (0/5) D:13
 Depths (0/4) D:15

Altars:
Ashenzari
Cheibriados
Dithmenos
Elyvilon
Fedhas
Gozag
Hepliaklqana
Kikubaaqudgha
Makhleb
Nemelex Xobeh
Okawaru
Qazlal
Ru
Sif Muna
Trog
Uskayaw
Vehumet
Wu Jian
Xom
Yredelemnul
Zin
The Shining One

Shops:
D:6 !*   D:10 [*   D:12 !   D:15 **   Orc:2 [*:[

Annotations:
D:6 1 runed translucent door, Levsong's ghost, novice HOFi
Swamp:1 1 runed translucent door, Qut Ecsu's ghost, journeyman DsFE


Innate Abilities, Weirdness & Mutations

You are immune to sickness and miasma.
Your stone body is resilient. (AC +12)
You are immune to poison.
Your large and strong wings let you fly.
You resist negative energy. (rN+)
You are resistant to electric shocks. (rElec)
You are resistant to unholy torment.
You are immune to petrification.
Your mind is acute. (Int +4, Str/Dex -1)
You are somewhat resistant to further mutation.
You are weak. (Str -2)


Message History

You block the vampire mosquito's attack.
Casting: Stone Arrow (safe; 1% risk of failure)
Confirm with . or Enter, or press ? or * to list all spells.
You don't have enough magic to cast this spell.
Unknown command.
You feel much better.
The vampire mosquito buzzes angrily. x2
The vampire mosquito closely misses you.
The vampire mosquito misses you.
The polar bear is engulfed in poison gas.
The polar bear looks even sicker.
The spriggan berserker is engulfed in poison gas.
The spriggan berserker looks as sick as possible!
The spriggan berserker hits you with a +1 antimagic war axe!
You feel your power leaking away.
You block the vampire mosquito's attack.
The vampire mosquito closely misses you.
The polar bear is engulfed in poison gas.
The polar bear looks even sicker.
The spriggan berserker is engulfed in poison gas.
The spriggan berserker looks as sick as possible!
The spriggan berserker closely misses you.
Magic courses through your body.
You block the vampire mosquito's attack.
The vampire mosquito bites you but does no damage.
The vampire mosquito closely misses you.
The vampire mosquito misses you.
The spriggan berserker is engulfed in poison gas.
The spriggan berserker looks as sick as possible!
The spriggan berserker hits you with a +1 antimagic war axe!
* * * LOW HITPOINT WARNING * * *
You feel your power leaking away.
The polar bear is engulfed in poison gas.
The polar bear looks as sick as possible!
The vampire mosquito barely misses you.
The vampire mosquito bites you but does no damage.
The spriggan berserker is engulfed in poison gas.
The spriggan berserker looks as sick as possible!
The spriggan berserker hits you with a +1 antimagic war axe!!
You die...

~...~.~...~.~.~~~...~
§§§§§§☼§§☼§§§§§...~....~
§§§§§§☼§§§§§§§§.♣♣♣♣♣♣.♣
§§§§§☼§§§§§§§§§.♣ ♣♣♣
§§§☼§§§§§§§§§§§♣♣
§.☼§§§§§§☼§§§☼♣♣
§§§.§§y§§§§§§☼♣♣
§§§§§§y§§§§§§§§♣
§§§§§yy@i§☼§§§~♣
§§§§§☼§§§h§§§§♣♣ #
§§§§§§☼§§§§§§~♣♣ #~
§§§§§§§§§§D.§§§♣ #.~
§§☼§§§§§§§☼§§§§♣♣ ##.~#
§§§§§§☼§§§§☼§§§÷♣###~.#
§§§§☼~§§☼☼§§§~☼.D†[.~♣
§§§§§☼§§☼☼§§§§§.h~≈~~♣#
~..~~~......§†~≈#


You could see a six-headed hydra, a spriggan berserker (berserk, regenerating,
strong-willed, extremely poisoned), a polar bear (summoned, berserk, extremely
poisoned) and 4 vampire mosquitoes.

Vanquished Creatures
  Frances (Swamp:1)
  Agnes (D:14)
  A thorn hunter (Swamp:2)
  A stone giant (Orc:2)
  5 eleionomae
  5 bunyips
  A rakshasa (D:15)
  2 ogre magi
  17 hydras
  A catoblepas (Lair:5)
  4 vault guards (D:13)
  2 ghost crabs (Swamp:1)
  7 centaur warriors
  12 two-headed ogres
  5 boulder beetles
  Erica (Orc:1)
  11 alligators
  A death yak (Lair:5)
  An orc high priest (Orc:1)
  A spriggan berserker (Swamp:2)
  Sonja (Lair:5)
  Nergalle (Lair:2)
  Amaemon (Lair:2)
  A skyshark (Lair:2)
  4 fire crabs (Lair:1)
  2 goliath frogs
  2 deep trolls (Orc:2)
  2 spriggan druids
  6 bog bodies
  3 swamp dragons
  4 deep elf pyromancers
  A wolf spider (D:15)
  2 orc sorcerers (Orc:1)
  28 ugly things
  4 orc knights
  5 cyclopes
  6 manticores
  A faun (shapeshifter) (D:15)
  2 will-o-the-wisps (Swamp:1)
  8 elephants
  8 slime creatures
  4 black mambas
  A torpor snail (Lair:5)
  15 cane toads
  An unseen horror (D:11)
  An orange demon (Lair:2)
  2 kobold demonologists
  6 yaktaurs
  3 rime drakes
  6 komodo dragons
  14 trolls
  A burning bush (Lair:5)
  4 tyrant leeches
  7 polar bears
  Grinder (D:4)
  14 hornets
  7 blink frogs
  14 dream sheep
  Sigmund (D:4)
  A shadow (D:11)
  59 yaks
  19 spriggans
  2 yaks (shapeshifter) (D:15)
  5 wyverns
  2 vampires
  7 basilisks
  Eustachio (D:5)
  A fire bat (shapeshifter) (D:14)
  4 wraiths
  A golden eye (shapeshifter) (D:13)
  2 steam dragons (Lair:1)
  16 vampire mosquitoes
  4 nagas (Lair:3)
  Menkaure (D:4)
  12 swamp worms
  6 wargs
  2 acid dragons (D:13)
  12 water moccasins
  6 swamp drakes
  An ice beast (D:6)
  35 orc warriors
  3 black bears
  A black bear (shapeshifter) (D:15)
  4 centaurs
  33 wolves
  20 ogres
  4 boggarts (Lair:5)
  2 phantoms
  11 bullfrogs
  18 kobold brigands
  3 gnoll sergeants
  4 scorpions
  A wyvern zombie (D:7)
  12 wights
  14 electric eels
  4 howler monkeys
  2 centaur zombies (D:7)
  A hound (D:10)
  A human zombie (D:7)
  A bullfrog zombie (D:7)
  13 orc priests
  5 jellies
  2 gnoll boudas
  Crazy Yiuf (D:4)
  2 sleepcaps
  3 iguanas
  Ijyb (D:3)
  A hell rat (Lair:1)
  30 orc wizards
  3 killer bee zombies (D:7)
  2 mummies (D:7)
  22 gnolls
  5 adders
  A shadow imp (D:6)
  A white imp (D:5)
  An ufetubus (D:6)
  3 worms
  2 dart slugs
  69 orcs
  6 bats
  11 endoplasms
  2 giant cockroaches (D:1)
  9 goblins
  11 hobgoblins
  4 jackals (D:1)
  32 kobolds
  3 quokkas
  3 ball pythons
  4 frilled lizards
  4 rats
  2 butterflies (Lair:5)
870 creatures vanquished.

Vanquished Creatures (collateral kills)
  A spriggan (Swamp:3)
  An orc warrior (D:11)
2 creatures vanquished.

Vanquished Creatures (others)
  A swamp dragon (Swamp:1)
  A will-o-the-wisp (Swamp:1)
  A bloated husk (Swamp:1)
  A tyrant leech (Swamp:1)
  A hornet (Swamp:1)
  A spriggan (Swamp:1)
  11 foxfires (Swamp:1)
17 creatures vanquished.

Grand Total: 889 creatures vanquished

Notes
Turn   | Place    | Note
-------+----------+-------------------------------------------
     0 | D:1      | Ijustatesigmund the Gargoyle Earth Elementalist began the
                  | quest for the Orb.
     0 | D:1      | Reached XP level 1. HP: 10/10 MP: 3/3
   154 | D:1      | Reached XP level 2. HP: 16/16 MP: 0/5
   166 | D:1      | Reached skill level 1 in Fighting
   645 | D:1      | Reached XP level 3. HP: 17/20 MP: 2/6
  1417 | D:1      | Reached XP level 4. HP: 22/26 MP: 3/8
  1954 | D:2      | Learned a level 3 spell: Stone Arrow
  2253 | D:3      | Found a shadowy altar of Dithmenos.
  2282 | D:3      | Reached skill level 1 in Conjurations
  2374 | D:3      | Noticed Ijyb
  2447 | D:4      | Noticed Grinder
  2455 | D:4      | Paralysed by Grinder for 3 turns
  2461 | D:4      | Killed Grinder
  2462 | D:4      | Reached XP level 5. HP: 12/30 MP: 0/11
  2462 | D:4      | Reached XP level 6. HP: 14/35 MP: 0/12
  2550 | D:4      | Found a shimmering blue altar of Sif Muna.
  2726 | D:4      | Noticed an orc warrior
  3096 | D:4      | Reached skill level 1 in Maces & Flails
  3132 | D:4      | Killed an orc warrior
  3133 | D:4      | Reached XP level 7. HP: 21/40 MP: 1/13
  3141 | D:5      | Entered Level 5 of the Dungeon
  3973 | D:4      | Found a runed translucent door.
  3974 | D:4      | Noticed Crazy Yiuf
  4152 | D:4      | Found an iron altar of Okawaru.
  4166 | D:4      | Noticed Sigmund
  4177 | D:4      | Killed Sigmund
  4178 | D:4      | Reached skill level 5 in Spellcasting
  4209 | D:4      | Noticed Menkaure
  4211 | D:4      | Killed Menkaure
  4212 | D:4      | Reached skill level 5 in Conjurations
  4212 | D:4      | Reached XP level 8. HP: 44/44 MP: 1/15
  4787 | D:4      | Killed Crazy Yiuf
  5253 | D:3      | Found a sacrificial altar of Ru.
  5345 | D:3      | Killed Ijyb
  5470 | D:3      | Found a bloodstained altar of Trog.
  5549 | D:3      | Found an ancient bone altar of Kikubaaqudgha.
  6583 | D:5      | Noticed Eustachio
  6590 | D:5      | Killed Eustachio
  7083 | D:6      | Found Qoqonk's Lightly-Used Armoury.
  7118 | D:6      | Noticed a brown ugly thing
  7144 | D:6      | Killed a brown ugly thing
  7145 | D:6      | Reached skill level 5 in Maces & Flails
  7145 | D:6      | Reached XP level 9. HP: 25/52 MP: 0/18
  7348 | D:6      | Found Moretom's Distillery.
  7353 | D:6      | Bought a potion of haste for 120 gold pieces
  7353 | D:6      | Bought a potion of heal wounds for 60 gold pieces
  7391 | D:6      | Found an ornate altar of the Wu Jian Council.
  7503 | D:6      | Found a runed translucent door.
  7503 | D:6      | Noticed Levsong's ghost (novice HOFi)
  8265 | D:7      | Learned a level 3 spell: Mephitic Cloud
  8274 | D:7      | Reached skill level 1 in Evocations
  8330 | D:7      | Found a staircase to the Ecumenical Temple.
  8344 | Temple   | Entered the Ecumenical Temple
  8513 | Temple   | Became a worshipper of Vehumet
  8617 | D:7      | Reached skill level 1 in Poison Magic
  8886 | D:7      | Reached skill level 1 in Air Magic
  9500 | D:7      | Got Incantation in Simple Steps
  9765 | D:7      | Found a basalt altar of Yredelemnul.
 10220 | D:7      | Reached XP level 10. HP: 52/58 MP: 7/20
 10511 | D:8      | Found a hide-covered altar of Uskayaw.
 10804 | D:8      | Found a snail-covered altar of Cheibriados.
 10808 | D:8      | Found a stormy altar of Qazlal.
 10811 | D:8      | Found a hazy altar of Hepliaklqana.
 10826 | D:8      | Reached * piety under Vehumet
 10826 | D:8      | Offered knowledge of Freeze by Vehumet.
 10931 | D:8      | Found a shimmering altar of Xom.
 10931 | D:8      | Found a shimmering altar of Xom.
 10932 | D:8      | Found a shimmering altar of Xom.
 10933 | D:8      | Found a shimmering altar of Xom.
 10933 | D:8      | Found a shimmering altar of Xom.
 10934 | D:8      | Found a shimmering altar of Xom.
 10935 | D:8      | Found a shimmering altar of Xom.
 11231 | D:8      | Reached skill level 1 in Shields
 11536 | D:8      | Identified the +1 pair of gloves "Teplousk" {rF+ Dex+2}
 12363 | D:9      | Noticed a deep elf pyromancer
 12370 | D:9      | Killed a deep elf pyromancer
 13228 | D:9      | Noticed a kobold demonologist
 13245 | D:9      | Noticed an orange demon
 13247 | D:9      | Killed a kobold demonologist
 13248 | D:9      | Reached skill level 1 in Armour
 13614 | D:9      | Offered knowledge of Scorch by Vehumet.
 13615 | D:9      | Reached XP level 11. HP: 62/62 MP: 17/23
 13616 | D:9      | Reached ** piety under Vehumet
 13760 | D:10     | Entered Level 10 of the Dungeon
 14188 | D:10     | Noticed a two-headed ogre
 14191 | D:10     | Noticed a manticore
 14192 | D:10     | Killed a two-headed ogre
 14193 | D:10     | Reached skill level 5 in Shields
 14196 | D:10     | Killed a manticore
 14267 | D:10     | Found Sosogoni's Antique Armour Shoppe.
 14278 | D:10     | Bought a pair of fine gloves for 313 gold pieces
 14278 | D:10     | Identified the +0 pair of gloves of the Keeping Gods {Dex+2
                  | Stlth+} (You bought it in a shop on level 10 of the
                  | Dungeon)
 14352 | D:10     | Noticed a two-headed ogre
 14360 | D:10     | Killed a two-headed ogre
 14361 | D:10     | Reached skill level 5 in Fighting
 14519 | D:10     | Found Ditaney's General Store.
 14526 | D:10     | Bought a scroll of teleportation for 36 gold pieces
 14526 | D:10     | Bought a potion of berserk rage for 60 gold pieces
 14620 | D:10     | Reached skill level 10 in Conjurations
 14919 | D:10     | Offered knowledge of Ignite Poison by Vehumet.
 15440 | D:11     | Reached *** piety under Vehumet
 16127 | D:11     | Noticed a manticore
 16320 | D:11     | Killed a manticore
 16490 | D:11     | Found a staircase to the Lair.
 16980 | D:11     | Found an iron altar of Okawaru.
 16980 | D:11     | Noticed an orc knight
 16981 | D:11     | Noticed a centaur warrior
 17091 | D:11     | Learned a level 6 spell: Iron Shot
 17400 | D:11     | Reached skill level 5 in Earth Magic
 17429 | D:11     | Reached XP level 12. HP: 56/70 MP: 25/25
 17560 | D:11     | Identified the +11 morningstar "Eseppanig" {freeze, rPois
                  | Str+2}
 17561 | D:11     | Noticed a centaur warrior
 17564 | D:11     | Noticed a centaur warrior
 17568 | D:11     | Identified the +7 short sword of the Shining Light {elec,
                  | Dex+3}
 17575 | D:11     | Killed a centaur warrior
 17583 | D:11     | Killed a centaur warrior
 17970 | D:11     | Learned a level 3 spell: Ignite Poison
 18297 | D:11     | Reached skill level 1 in Transmutations
 18390 | D:11     | Identified the scarf "Tusuuk" {harm, Int+2}
 18455 | D:11     | Identified the +1 robe "Ywoor" {Int+5 Stlth+}
 18476 | D:11     | Identified the +2 short sword of Yredelemnul's Whim {flame,
                  | rPois Str+3}
 18603 | D:11     | Killed a centaur warrior
 19197 | D:12     | Reached skill level 10 in Spellcasting
 19230 | D:12     | Offered knowledge of Olgreb's Toxic Radiance by Vehumet.
 19397 | D:12     | Learned a level 4 spell: Olgreb's Toxic Radiance
 19991 | D:12     | Found a staircase to the Orcish Mines.
 20118 | Orc:1    | Entered Level 1 of the Orcish Mines
 20163 | Orc:1    | Noticed an orc high priest
 20167 | Orc:1    | Killed an orc high priest
 20478 | Orc:1    | Noticed Erica
 20486 | Orc:1    | Killed Erica
 20552 | Orc:1    | Reached **** piety under Vehumet
 20593 | Orc:1    | Offered knowledge of Fulminant Prism by Vehumet.
 20674 | Orc:1    | Found Zeotteyd's Antique Armour Shoppe.
 20722 | Orc:2    | Entered Level 2 of the Orcish Mines
 20725 | Orc:2    | Noticed a stone giant
 20729 | Orc:2    | Noticed an ogre mage
 20731 | Orc:2    | Reached XP level 13. HP: 53/74 MP: 22/27
 21077 | Orc:2    | Reached skill level 10 in Earth Magic
 21855 | Orc:2    | Found a staircase to the Elven Halls.
 21855 | Orc:2    | Found Keisenoe's Armour Boutique.
 22397 | Orc:2    | Found Isud's Book Shop.
 22425 | Orc:2    | Found Ustegg's Antique Armour Shoppe.
 22491 | Orc:2    | Found Puoggaj's Assorted Antiques.
 22799 | Orc:2    | Killed a stone giant
 23613 | Orc:2    | Bought a runed kite shield for 217 gold pieces
 24089 | Orc:2    | Reached ***** piety under Vehumet
 24301 | Orc:1    | Offered knowledge of Eringya's Noxious Bog by Vehumet.
 24989 | D:12     | Found Siemoh's Distillery.
 24997 | D:12     | Bought a potion of heal wounds for 70 gold pieces
 24997 | D:12     | Bought a potion of heal wounds for 70 gold pieces
 24997 | D:12     | Bought a potion of haste for 140 gold pieces
 25526 | D:13     | Gained mutation: Your large and strong wings let you fly.
                  | [Gargoyle growth]
 25526 | D:13     | Reached XP level 14. HP: 82/82 MP: 10/29
 25937 | D:13     | Found a gate to the Vaults.
 26190 | D:14     | Reached skill level 5 in Poison Magic
 26872 | D:14     | Learned a level 3 spell: Swiftness
 26879 | D:14     | Learned a level 6 spell: Starburst
 27074 | D:14     | Noticed Agnes
 27083 | D:14     | Killed Agnes
 27084 | D:14     | Reached skill level 1 in Fire Magic
 27733 | D:15     | Entered Level 15 of the Dungeon
 28498 | D:15     | Found a staircase to the Depths.
 28691 | D:15     | Gained mutation: Your mind is acute. (Int +4, Str/Dex -1)
                  | [potion of mutation]
 28691 | D:15     | Gained mutation: You are weak. (Str -2) [potion of
                  | mutation]
 28691 | D:15     | Gained mutation: You are somewhat resistant to further
                  | mutation. [potion of mutation]
 28829 | D:15     | Reached XP level 15. HP: 88/88 MP: 18/30
 29164 | D:15     | Offered knowledge of Flame Wave by Vehumet.
 29170 | D:15     | Reached skill level 5 in Fire Magic
 29185 | D:15     | Found Fenun's Specific Store.
 29186 | D:15     | Found Sorysar's General Store.
 29570 | Lair:1   | Entered Level 1 of the Lair of Beasts
 30881 | Lair:2   | Found a staircase to the Swamp.
 31059 | Lair:2   | Identified the +1 leather armour of Midwinter {rElec rF+}
 31103 | Lair:2   | Noticed Amaemon
 31115 | Lair:2   | Killed Amaemon
 31452 | Lair:2   | Noticed Nergalle
 31455 | Lair:2   | Killed Nergalle
 31456 | Lair:2   | Reached skill level 5 in Air Magic
 32006 | Lair:2   | Learned a level 1 spell: Magic Dart
 32033 | Lair:3   | Offered knowledge of Lee's Rapid Deconstruction by Vehumet.
 32732 | Lair:3   | Identified the +1 falchion "Emano" {freeze, Str+4}
 32776 | Lair:3   | Found a staircase to the Snake Pit.
 34482 | Lair:5   | Entered Level 5 of the Lair of Beasts
 34768 | Lair:5   | Reached XP level 16. HP: 96/96 MP: 19/32
 35342 | Lair:5   | Reached skill level 10 in Fighting
 35591 | Lair:5   | Noticed Sonja
 35596 | Lair:5   | Offered knowledge of Spellforged Servitor by Vehumet.
 35598 | Lair:5   | Killed Sonja
 36389 | Lair:5   | Found a staircase to the Slime Pits.
 37123 | Swamp:1  | Entered Level 1 of the Swamp
 37314 | Swamp:1  | Noticed Frances
 37668 | Swamp:1  | Killed Frances
 38305 | Swamp:1  | Found a runed translucent door.
 38306 | Swamp:1  | Found a shimmering altar of Xom.
 38306 | Swamp:1  | Noticed Qut Ecsu's ghost (journeyman DsFE)
 38450 | Swamp:1  | Reached ****** piety under Vehumet
 38612 | Swamp:2  | Offered knowledge of Yara's Violent Unravelling by Vehumet.
 38836 | Swamp:2  | Found a glowing silver altar of Zin.
 38849 | Swamp:2  | Noticed a thorn hunter
 38862 | Swamp:2  | Killed a thorn hunter
 38863 | Swamp:2  | Reached XP level 17. HP: 55/103 MP: 13/34
 40438 | Swamp:3  | Identified the +4 ring mail of True Grit {Regen+}
 41073 | Swamp:4  | Entered Level 4 of the Swamp
 41919 | Swamp:4  | Slain by a spriggan berserker

Illustrated notes

Levels and vault maps discovered:
D:1:      dpeg_arrival_solitude, layout_basic, ebering_dispersal_statue_hall,
          minmay_misc_feat_tiny
D:2:      layout_rooms, minmay_three_crescents
D:3:      layout_basic, trog_butcher_becter,
          mainiacjoe_overflow_surrounded_room, nicolae_dithmenos_shadow_blocks,
          amcnicky_altar_gilded, uniq_ijyb
D:4:      layout_basic, mainiacjoe_overflow_24_doors, mainiacjoe_overflow_paths,
          uniq_crazy_yiuf_cottage, uniq_sigmund, uniq_grinder, uniq_menkaure
D:5:      layout_rooms, serial_park_tiny_pond, minmay_holes, lightli_minifort,
          uniq_eustachio
D:6:      layout_layer_cave, mainiacjoe_overflow_tiny_flanked, serial_shops,
          nicolae_diamond_shop, hellmonk_ghost_happy_afterlife,
          minmay_shop_damaged, minmay_chambers_of_fives
D:7:      layout_loops_cross, lemuel_mausoleum_altar_yredelemnul,
          minmay_temple_entry_junction_2
D:8:      layout_loops_cross, xom_redecorated, grunt_temple_overflow_open,
          minivault_21, grunt_decor_arrowhead
D:9:      layout_roguey
D:10:     layout_roguey [special_room_kobold], serial_shops,
          nicolae_shop_advertising_works [nicolae_subvault_shop_adworks], shop,
          minmay_misc_feat_roman
D:11:     evilmike_iron_armoury, layout_long_grid, erik_lair_island
D:12:     layout_cave_pools, erik_orc_2, serial_shops, nicolae_shop_trees
D:13:     layout_roguey, lightli_vaults_fourway_checkpoint,
          minmay_misc_feat_five, hangedman_corner_corridor
D:14:     layout_roguey, minmay_misc_feat_room, uniq_agnes
D:15:     hangedman_depths_entry_try_elsewhere_first, layout_loops_ring,
          chequers_garden, nicolae_specific_store, minmay_misc_feat_square
Temple:   chequers_temple_sunken
Lair:1:   layout_chaotic_city, nicolae_lair_lakeside_cave, serial_bayou_shore_a
Lair:2:   layout_big_grid, minmay_swamp_entry_eels, uniq_amaemon, uniq_nergalle
Lair:3:   layout_cellular_growth, minmay_snake_entry_guardpost_medium,
          grunt_megastairs_3, infiniplex_staircase_pool_2
Lair:4:   layout_cave_pods, grunt_megastairs_5, infiniplex_staircase_pool
Lair:5:   minmay_lair_end_enchanted_forest, layout_loops_ring,
          minmay_slime_entry_pillars, evilmike_ambush
          [evilmike_ambush_outer_basic, evilmike_ambush_inner_wall_2],
          lemuel_fruit_fields, uniq_sonja
Swamp:1:  layout_basic_swamp, ebering_ghost_xom, serial_swamp_ruin,
          evilmike_swamp_ruin_house_4, evilmike_swamp_ruin_house_5,
          evilmike_swamp_ruin_rubble_1, uniq_frances
Swamp:2:  layout_basic_swamp, lemuel_altar_in_water, swamp_pool5
Swamp:3:  layout_basic_swamp, nicolae_swamp_dense_foliage, swamp_pool2
Swamp:4:  swamp_basic_johnstein, layout_basic_swamp, uniq_kirke
Orc:1:    layout_caves, serial_shops, shop, basic_altar, uniq_erica
Orc:2:    st_orc_open, layout_caves

Skill      XL: |  1  2  3  4  5  6  7  8  9 10 11 12 13 14 15 16 17 |
---------------+----------------------------------------------------+-----
Fighting       | 1 2 4 6 7 8 9 10 | 10.6
Earth Magic    | 4 5 9 11 12 | 12.7
Spellcasting   | 4 5 6 7 8 9 10 11 12 13 | 13.9
Conjurations   | 3 4 5 6 7 9 10 11 12 13 | 13.3
Maces & Flails | 1 3 5 6 7 8 9 |  9.1
Evocations     | 2 |  2.6
Poison Magic   | 2 3 4 7 8 |  8.2
Air Magic      | 2 5 7 |  7.7
Shields        | 4 5 6 7 |  7.5
Armour         | 2 3 |  3.4
Transmutations | 3 4 |  4.6
Dodging        | 2 4 |  4.1
Fire Magic     | 4 7 9 |  9.5
Stealth        | |  2.1

Action                     |  1- 3 |  4- 6 |  7- 9 | 10-12 | 13-15 | 16-18 || total
---------------------------+-------+-------+-------+-------+-------+-------++-------
  Melee: Short sword       |    36 |     8 |       |       |       |       ||    44
         Flail             |       |     3 |    79 |    24 |       |       ||   106
         Mace              |       |       |       |   399 |       |       ||   399
         Morningstar       |       |       |       |    69 |   315 |   288 ||   672
   Cast: Sandblast         |    45 |    52 |    82 |    57 |     3 |       ||   239
         Stone Arrow       |       |     5 |    83 |   149 |    26 |    11 ||   274
         Mephitic Cloud    |       |       |     3 |    18 |     8 |     6 ||    35
         Iron Shot         |       |       |       |    18 |   139 |   149 ||   306
         Olgreb's Toxic Ra |       |       |       |    14 |    95 |    45 ||   154
         Ignite Poison     |       |       |       |    13 |    60 |    31 ||   104
         Magic Dart        |       |       |       |       |     2 |    17 ||    19
         Starburst         |       |       |       |       |       |     3 ||     3
  Evoke: Wand              |       |       |    12 |    22 |       |       ||    34
    Use: Scroll            |     4 |     6 |     8 |    10 |     8 |     5 ||    41
         Potion            |       |     2 |     5 |     7 |     3 |     7 ||    24
   Stab: Sleeping          |       |       |       |     1 |       |     1 ||     2
         Confused          |       |       |       |       |     1 |     1 ||     2
         Distracted        |       |       |       |       |     1 |     2 ||     3
 Armour: Robe              |    28 |     8 |    66 |    27 |       |       ||   129
         Leather armour    |       |       |       |   192 |     5 |       ||   197
         Troll leather arm |       |       |       |       |   102 |   192 ||   294
  Dodge: Dodged            |    33 |    20 |    97 |   463 |   283 |   332 ||  1228
  Block: Buckler           |       |       |       |   126 |    12 |       ||   138
         Kite shield       |       |       |       |       |   181 |   253 ||   434
